Map: [ESL] Alcyone

Players

Dark - Winner!

  • Race: Zerg Zerg
  • Spawn Location: 1:00

trigger

  • Race: Protoss Protoss
  • Spawn Location: 7:00

Event: ESL Spring 2024 Finals

VOD

Have the link to the VOD?

Description

Time

  • Played on: May 31, 2024, 4:24 p.m.
  • Length: 9:28

All games in this series

Show
View Real Time Build Order
Export as new Build Order

Dark Zerg - Winner!

Build Orders: Hatch First 

Get SALT Encoding   

  12  0:00  Drone  
  13  0:12  Overlord  
  13  0:17  Drone  
  14  0:30  Drone x2  
  16  0:48  Hatchery  
  15  0:52  Drone  
  15  0:54  Drone  
  17  0:57  Drone  
  18  1:08  Extractor  
  17  1:13  Spawning Pool  
  17  1:16  Drone  
  17  1:19  Drone  
  18  1:28  Drone  
  19  1:38  Drone  
  20  1:51  Drone  
  21  2:00  Queen x2  
  26  2:01  Zergling x2  
  26  2:02  Overlord  
  26  2:08  Metabolic Boost  
  26  2:11  Drone  
  26  2:13  Drone  
  28  2:21  Drone  
  29  2:23  Drone  
  30  2:32  Hatchery  
  30  2:36  Drone  
  30  2:38  Drone  
  30  2:43  Queen  
  33  2:48  Overlord  
  33  2:51  Zergling x2  
  34  2:53  Zergling x2  
  35  3:03  Overlord  
  35  3:05  Queen  
  35  3:07  Zergling x4  
  35  3:11  Drone x2  
  41  3:16  Drone x2  
  43  3:21  Queen  
  47  3:27  Drone x2  
  47  3:32  Overlord  
  47  3:33  Drone  
  48  3:35  Drone  
  48  3:37  Overlord  
  48  3:39  Drone  
  50  3:44  Queen  
  52  3:50  Spore Crawler  
  52  3:51  Spore Crawler  
  52  3:52  Zergling x2  
  51  3:57  Zergling x4  
  51  3:58  Zergling x2  
  51  4:00  Drone x2  
  56  4:09  Drone x4  
  58  4:11  Drone  
  58  4:15  Drone  
  58  4:19  Lair  
  58  4:24  Zergling x4  
  59  4:26  Drone x2  
  59  4:31  Drone  
  62  4:32  Drone x2  
  64  4:41  Zergling x4  
  64  4:42  Drone  
  66  4:46  Drone x2  
  66  4:49  Zergling x4, Extractor  
  66  4:50  Drone, Queen  
  66  4:51  Queen  
  74  4:55  Overlord  
  74  5:04  Overlord x2  
  74  5:14  Overlord  
  74  5:18  Queen  
  74  5:20  Zergling x14, Nydus Network  
  82  5:26  Zergling x6, Queen  
  86  5:29  Zergling x8  
  86  5:32  Queen  
  92  5:37  Zergling x2  
  92  5:43  Zergling x2  
  92  5:44  Zergling x2  
  92  5:47  Zergling x4  
  95  5:51  Zergling x6  
  95  5:53  Zergling x2  
  99  5:57  Queen, Nydus Canal  
  99  6:01  Queen  
  99  6:02  Zergling x6  
  106  6:05  Spore Crawler  
  106  6:06  Zergling x2  
  106  6:09  Overlord  
  106  6:10  Overlord  
  106  6:13  Nydus Canal, Overlord  
  105  6:20  Overlord  
  105  6:24  Zergling x2  
  105  6:30  Zergling x4  
  101  6:37  Spine Crawler  
  101  6:38  Spine Crawler, Queen x2  
  101  6:39  Spine Crawler  
  92  6:41  Zergling x16  
  92  6:46  Zergling x8  
  97  6:54  Queen  
  93  6:59  Zergling x8  
  93  7:05  Zergling x4  
  94  7:11  Zergling x2  
  94  7:14  Queen x2  
  96  7:22  Zergling x12  
  100  7:25  Baneling Nest  
  100  7:29  Queen  
  98  7:35  Zergling x6  
  98  7:38  Zergling x2  
  95  7:47  Nydus Canal  
  95  7:49  Zergling x6  
  97  7:51  Zergling x2  
  97  7:52  Zergling x2  
  97  7:54  Queen  
  97  7:56  Zergling x2  
  100  8:00  Queen  
  100  8:02  Zergling x8  
  100  8:05  Queen  
  101  8:07  Zergling x2  
  101  8:15  Zergling x2  
  101  8:16  Zergling x8  
  104  8:24  Baneling x12  
  103  8:28  Nydus Canal  
  103  8:29  Queen  
  103  8:32  Zergling x2  
  103  8:33  Zergling x6  
  109  8:35  Queen  
  109  8:38  Baneling x6  
  102  8:50  Zergling x16  
  102  8:51  Zergling x6  
Show
View Real Time Build Order
Export as new Build Order

trigger Protoss 

Build Orders: 1 Gate Expand, Oracle Opening 

Get SALT Encoding   

  12  0:00  Probe  
  13  0:12  Probe  
  14  0:20  Pylon  
  14  0:24  Probe  
  15  0:38  Probe (Chrono Boost)  
  15  0:41  Gateway  
  16  0:47  Probe (Chrono Boost)  
  17  0:52  Probe (Chrono Boost)  
  18  1:12  Nexus  
  18  1:16  Assimilator  
  18  1:19  Probe (Chrono Boost)  
  19  1:28  Probe (Chrono Boost)  
  20  1:33  Assimilator, Probe (Chrono Boost)  
  21  1:40  Cybernetics Core  
  21  1:45  Probe  
  22  1:50  Pylon  
  22  1:57  Probe  
  23  2:09  Probe  
  23  2:13  Adept (Chrono Boost)  
  24  2:21  Probe  
  27  2:25  Probe, Stargate  
  28  2:33  Adept (Chrono Boost), Probe  
  31  2:37  Warp Gate, Probe  
  32  2:45  Probe  
  32  2:49  Probe  
  34  2:58  Probe  
  37  3:01  Probe  
  37  3:05  Oracle (Chrono Boost)  
  36  3:10  Probe  
  36  3:12  Pylon  
  40  3:13  Probe  
  41  3:22  Probe  
  41  3:25  Probe  
  43  3:28  Nexus  
  43  3:32  Oracle (Chrono Boost)  
  44  3:34  Probe  
  44  3:37  Probe  
  44  3:40  Pylon  
  48  3:46  Probe  
  48  3:48  Gateway  
  49  3:49  Probe  
  49  3:50  Adept  
  52  3:58  Probe  
  52  4:02  Probe  
  50  4:05  Oracle  
  49  4:10  Probe  
  49  4:14  Probe  
  52  4:25  Probe (Chrono Boost)  
  52  4:26  Probe (Chrono Boost)  
  50  4:33  Adept  
  50  4:37  Probe (Chrono Boost)  
  54  4:38  Probe (Chrono Boost)  
  54  4:42  Probe x2 (Chrono Boost)  
  54  4:44  Adept  
  58  4:47  Gateway, Probe (Chrono Boost)  
  58  4:50  Gateway  
  59  4:53  Pylon  
  59  4:54  Probe x2 (Chrono Boost)  
  59  4:56  Adept  
  64  5:04  Probe (Chrono Boost)  
  64  5:05  Adept, Probe x2 (Chrono Boost)  
  68  5:11  Probe x2 (Chrono Boost)  
  68  5:13  Probe (Chrono Boost)  
  71  5:15  Shield Battery  
  71  5:17  Twilight Council  
  71  5:20  Probe (Chrono Boost)  
  73  5:22  Forge  
  73  5:25  Probe (Chrono Boost)  
  75  5:28  Probe (Chrono Boost)  
  75  5:29  Probe (Chrono Boost)  
  75  5:31  Gateway  
  75  5:32  Probe (Chrono Boost)  
  75  5:33  Pylon  
  76  5:37  Gateway  
  76  5:44  Protoss Ground Weapons Level 1 (Chrono Boost)  
  76  5:49  Charge (Chrono Boost)  
  76  5:50  Gateway  
  76  5:52  Zealot, Sentry  
  76  5:53  Gateway  
  80  5:57  Pylon  
  80  5:59  Pylon  
  80  6:04  Zealot x2  
  80  6:07  Pylon  
  84  6:13  Assimilator  
  84  6:17  Assimilator  
  84  6:18  Zealot x2  
  88  6:20  Shield Battery  
  87  6:25  Zealot  
  87  6:26  Zealot x2  
  87  6:29  Shield Battery  
  87  6:33  Zealot  
  85  6:44  Zealot x2  
  82  6:47  Zealot x2  
  82  6:50  Zealot  
  82  6:51  Zealot x2  
  88  6:56  Zealot  
  84  7:08  Zealot x4  
  82  7:11  Zealot x3  
  82  7:12  Probe  
  88  7:23  Gateway  
  88  7:24  Gateway  
  88  7:26  Assimilator  
  88  7:28  Probe  
  84  7:30  Gateway  
  84  7:31  Zealot x5  
  84  7:32  Zealot x2  
  86  7:42  Photon Cannon  
  86  7:44  Photon Cannon  
  84  7:45  Shield Battery  
  84  7:47  Shield Battery  
  76  7:52  Zealot x2  
  76  7:53  Sentry x3  
  79  7:59  Zealot  
  70  8:16  Zealot  
  70  8:18  Zealot x2  
  71  8:20  Zealot x2  
  71  8:23  Zealot x2  
  76  8:35  Zealot  
  76  8:36  Zealot  
  76  8:40  Zealot x4  
  80  8:47  Zealot x2  
Tags
 
Add a new tag
Caveats
  • Supply blocks, unpowered buildings, or Contaminate may cause inaccurate times.
  • Supply counts are checked every 10 seconds.